 Dungeon Crawl Stone Soup version 0.27-a0-1331-g60ef6b6952 (webtiles) character file.

Game seed: 16546828274349138507

243 Harbin the Grasshopper (level 6, -2/50 HPs)
             Began as a Gnoll Warper on June 25, 2021.
             Was an Initiate of Gozag.
             Killed by divine providence
             ... invoked by an orc priest
              (11 damage)
             ... on level 4 of the Dungeon.
             The game lasted 00:25:35 (4005 turns).

Harbin the Grasshopper (Gnoll Warper)               Turns: 4005, Time: 00:25:38

Health: -2/50      AC:  6    Str: 12    XL:     6   Next: 9%
Magic:  1/13       EV: 12    Int: 12    God:    Gozag
Gold:   586        SH:  4    Dex: 12    Spells: 7/15 levels left

rFire    . . .     SeeInvis .   a - +1 hand axe
rCold    . . .     Faith    .   t - +0 buckler
rNeg     . . .     Spirit   .   b - +0 leather armour
rPois    .         Reflect  .   (no helmet)
rElec    .         Harm     .   (no cloak)
rCorr    .         Rampage  .   p - +2 pair of gloves
Will     .....                  (no boots)
Stlth    ++........             (no amulet)
HPRegen  0.16/turn              (no ring)
MPRegen  0.13/turn              (no ring)

@: brilliant
A: fangs 1, strong nose, distributed training, wild magic 1
a: Renounce Religion, Potion Petition, Call Merchant, Bribe Branch


You were on level 4 of the Dungeon.
You worshipped Gozag.
Gozag was pleased with you.
You visited 1 branch of the dungeon, and saw 4 of its levels.

You collected 586 gold pieces.

Inventory:

Hand Weapons
 a - a +1 hand axe (weapon)
 h - a +0 dagger
Missiles
 f - 3 boomerangs (quivered)
 l - 85 stones
Armour
 b - a +0 leather armour (worn)
 p - a +2 pair of gloves (worn)
 t - a +0 buckler (worn)
Wands
 q - a wand of paralysis (5)
Scrolls
 e - 2 scrolls of amnesia
 m - 3 scrolls of identify
 n - a scroll of magic mapping {unknown}
 r - a scroll of noise {unknown}
Potions
 g - a potion of mutation
 k - 2 potions of degeneration
 o - a potion of haste {unknown}
 s - a potion of invisibility {unknown}


   Skills:
 + Level 4.9 Fighting
 + Level 1.8 Short Blades
 + Level 1.8 Long Blades
 + Level 4.9 Axes
 + Level 1.8 Maces & Flails
 + Level 1.8 Polearms
 + Level 1.8 Staves
 + Level 1.8 Slings
 + Level 1.8 Bows
 + Level 1.8 Crossbows
 + Level 3.1 Throwing
 + Level 3.1 Armour
 + Level 4.9 Dodging
 + Level 1.8 Stealth
 + Level 1.8 Shields
 + Level 1.8 Unarmed Combat
 + Level 5.3 Spellcasting
 + Level 1.4 Conjurations
 + Level 1.4 Hexes
 + Level 1.4 Summonings
 + Level 1.4 Necromancy
 + Level 5.6 Translocations
 + Level 1.4 Transmutations
 + Level 1.4 Fire Magic
 + Level 1.4 Ice Magic
 + Level 1.4 Air Magic
 + Level 1.4 Earth Magic
 + Level 1.4 Poison Magic
 + Level 2.0 Invocations
 + Level 1.8 Evocations


You had 7 spell levels left.
You knew the following spells:

 Your Spells              Type           Power      Damage    Failure   Level
a - Blink                 Tloc           N/A        N/A       8%          2
b - Gell's Gravitas       Tloc           16%        N/A       14%         3
c - Confusing Touch       Hex            12%        N/A       58%         3

Your spell library contained the following spells:

 Spells                   Type           Power      Damage    Failure   Level
 Lesser Beckoning         Tloc           16%        N/A       14%         3
 Teleport Other           Tloc           32%        N/A       14%         3
 Manifold Assault         Tloc           32%        N/A       73%         5
 Petrify                  Tmut/Erth      12%        N/A       92%         4
 Metabolic Englaciation   Hex/Ice        6%         N/A       99%         5
 Yara's Violent Unravell  Hex/Tmut       6%         3d5       99%         5


Dungeon Overview and Level Annotations

Branches:
Dungeon (4/15)
 Temple: D:4-7

Altars:
Gozag

Annotations:
D:2 Sigmund


Innate Abilities, Weirdness & Mutations

You have very sharp teeth.
Your uncanny sense of smell can sniff out nearby items.
Your experience applies equally to all skills.
Your spells are a little harder to cast, but a little more powerful.


Message History

The orc priest barely misses you. Something hits you but does no damage.
Casting: Gell's Gravitas (dangerous; 14% risk of failure)
Confirm with . or Enter, or press ? or * to list all spells.
Aiming: Gell's Gravitas (dangerous; 14% risk of failure)
Press: ? - help, Dir - move target, f - orc priest, p - orc
Aim: an orc priest, wielding a +0 dagger and wearing a +0 ring mail (lightly wounded) Gravity reorients around the orc priest.
Something collides with the orc priest!
The orc priest collides with the orc priest!
The orc collides with the orc priest!
The orc priest calls upon Beogh to heal the orc.
The orc's wounds heal themselves!
The orc priest calls upon Beogh to heal the orc priest.
The orc priest's wounds heal themselves!
Something hits you but does no damage.
You hit the orc priest.
The orc priest is moderately wounded.
You barely miss something.
You hit the orc priest but do no damage.
The orc priest calls down the wrath of Beogh upon you.
Beogh smites you!
* * * LOW HITPOINT WARNING * * *
The orc priest miscasts a cantrip.
Something hits you.
* * * LOW HITPOINT WARNING * * *
Casting: Gell's Gravitas (dangerous; 14% risk of failure)
Confirm with . or Enter, or press ? or * to list all spells.
You don't have enough magic to cast this spell.
It was a potion of brilliance.
You feel clever all of a sudden.
The orc priest hits you but does no damage. x2
Something hits you.
* * * LOW HITPOINT WARNING * * *
Blink to where?
Press: ? - help, Dir - move target, p - orc priest
As you read the scroll of blinking, it crumbles to dust.
The orc priest mumbles some strange prayers to Beogh against you.
Beogh smites you!
You die...
Your body crumbles into a pile of gold.

. #..#.......#
#.....##..## ##
###.....##.#
.##....#...#.##
....####.....#
#..# #......#
#..####...####
#...##....#
#@###...##
#..........(#.##
##....#.....#..##
.....####.##.....#
....# ###<.oo###
...# ##...{#####
.#. ##....o#...# .
#..........#
##.........#


You could see 2 orc priests.

Vanquished Creatures
  A scorpion (D:4)
  4 gnolls (D:3)
  5 adders
  A worm (D:3)
  3 dart slugs
  An orc (D:4)
  7 ball pythons
  2 bats (D:1)
  6 endoplasms
  A giant cockroach (D:1)
  11 goblins
  7 hobgoblins
  7 jackals (D:2)
  A quokka (D:1)
  3 frilled lizards
  9 kobolds
  3 rats
72 creatures vanquished.

Vanquished Creatures (collateral kills)
  Jessica (D:2)
1 creature vanquished.

Vanquished Creatures (others)
  14 plants (D:3)
14 creatures vanquished.

Grand Total: 87 creatures vanquished

Notes
Turn   | Place    | Note
-------+----------+-------------------------------------------
     0 | D:1      | Harbin the Gnoll Warper began the quest for the Orb.
     0 | D:1      | Reached XP level 1. HP: 20/20 MP: 6/6
    46 | D:1      | Found a faded altar of an unknown god.
    55 | D:1      | Became a worshipper of Gozag Ym Sagoz the Greedy
    70 | D:1      | Reached XP level 2. HP: 14/26 MP: 7/7
   732 | D:1      | Reached XP level 3. HP: 31/31 MP: 9/9
   879 | D:1      | Reached skill level 5 in Spellcasting
   991 | D:2      | Learned a level 2 spell: Blink
   995 | D:2      | Learned a level 3 spell: Gell's Gravitas
  1041 | D:2      | Reached skill level 1 in Invocations
  1183 | D:2      | Reached skill level 1 in Short Blades
  1183 | D:2      | Reached skill level 1 in Long Blades
  1183 | D:2      | Reached skill level 1 in Maces & Flails
  1183 | D:2      | Reached skill level 1 in Polearms
  1183 | D:2      | Reached skill level 1 in Staves
  1183 | D:2      | Reached skill level 1 in Slings
  1183 | D:2      | Reached skill level 1 in Bows
  1183 | D:2      | Reached skill level 1 in Crossbows
  1183 | D:2      | Reached skill level 1 in Stealth
  1183 | D:2      | Reached skill level 1 in Shields
  1183 | D:2      | Reached skill level 1 in Unarmed Combat
  1183 | D:2      | Reached skill level 1 in Evocations
  1194 | D:2      | Noticed Jessica
  1207 | D:2      | Reached XP level 4. HP: 33/38 MP: 11/11
  1778 | D:2      | Noticed Sigmund
  2336 | D:2      | Reached skill level 1 in Conjurations
  2336 | D:2      | Reached skill level 1 in Hexes
  2336 | D:2      | Reached skill level 1 in Summonings
  2336 | D:2      | Reached skill level 1 in Necromancy
  2336 | D:2      | Reached skill level 1 in Transmutations
  2336 | D:2      | Reached skill level 1 in Fire Magic
  2336 | D:2      | Reached skill level 1 in Ice Magic
  2336 | D:2      | Reached skill level 1 in Air Magic
  2336 | D:2      | Reached skill level 1 in Earth Magic
  2336 | D:2      | Reached skill level 1 in Poison Magic
  2439 | D:2      | Killed Jessica
  3018 | D:3      | Reached XP level 5. HP: 42/43 MP: 12/12
  3957 | D:4      | Reached XP level 6. HP: 50/50 MP: 13/13
  3964 | D:4      | Learned a level 3 spell: Confusing Touch
  3999 | D:4      | Gained mutation: Your spells are a little harder to cast,
                  | but a little more powerful. [potion of mutation]
  4005 | D:4      | Killed from afar by an orc priest

Illustrated notes

Levels and vault maps discovered:
D:1:      dpeg_arrival_houses_and_road, layout_basic,
          ebering_ecumenical_altar_webs, st_stairs_13
D:2:      layout_basic, minmay_stone_trees_small, hangedman_decor_slide_cut,
          minmay_between, uniq_jessica, uniq_sigmund
D:3:      layout_basic, st_stairs_3, serial_bayou_pond_c
D:4:      layout_cave_pools, cheibrodos_gnoll_hut

Skill      XL: |  1  2  3  4  5 |
---------------+----------------+-----
Spellcasting   | 5 |  5.3
Invocations    | 1 2 |  2.0
Short Blades   | 1 |  1.8
Long Blades    | 1 |  1.8
Maces & Flails | 1 |  1.8
Polearms       | 1 |  1.8
Staves         | 1 |  1.8
Slings         | 1 |  1.8
Bows           | 1 |  1.8
Crossbows      | 1 |  1.8
Stealth        | 1 |  1.8
Shields        | 1 |  1.8
Unarmed Combat | 1 |  1.8
Evocations     | 1 |  1.8
Conjurations   | 1 |  1.4
Hexes          | 1 |  1.4
Summonings     | 1 |  1.4
Necromancy     | 1 |  1.4
Transmutations | 1 |  1.4
Fire Magic     | 1 |  1.4
Ice Magic      | 1 |  1.4
Air Magic      | 1 |  1.4
Earth Magic    | 1 |  1.4
Poison Magic   | 1 |  1.4
Throwing       | 3 |  3.1
Armour         | 3 |  3.1
Fighting       | |  4.9
Axes           | |  4.9
Dodging        | |  4.9
Translocations | |  5.6

Action                   |  1- 3 |  4- 6 || total
-------------------------+-------+-------++-------
Melee: Hand axe          |    95 |   124 ||   219
       Bite              |     4 |    11 ||    15
       Punch             |       |     2 ||     2
Throw: Boomerang         |     5 |    12 ||    17
 Cast: Gell's Gravitas   |     3 |     5 ||     8
       Blink             |       |     3 ||     3
  Use: Scroll            |       |     7 ||     7
       Potion            |       |     5 ||     5
 Stab: Sleeping          |       |     3 ||     3
Armor: Leather armour    |    28 |    29 ||    57
Dodge: Dodged            |    72 |    81 ||   153
Block: Buckler           |       |     1 ||     1

Table legend: (Time is in decaauts)
 A = Elapsed time spent in this place.
 B = Non-inter-level travel time spent in this place.
 C = Inter-level travel time spent in this place.
 D = Time resting spent in this place.
 E = Time spent auto-exploring this place.
 F = Levels seen in this place.
 G = Mean time per level.
                   A        B        C        D        E       F      G
               +--------+--------+--------+--------+--------+-----+--------+
         Total |   4040 |   3837 |    203 |    197 |   2156 |   4 | 1010.0 |
       Dungeon |   4040 |   3837 |    203 |    197 |   2156 |   4 | 1010.0 |
               +--------+--------+--------+--------+--------+-----+--------+

Top non-repeatable levels by time:
     D:2: 2135 daAuts
     D:1: 991 daAuts
     D:3: 836 daAuts
     D:4: 75 daAuts
